 Dungeon Crawl Stone Soup version 0.31-a0-618-g7ca08c1ff9 (webtiles) character file.

Game seed: 2325006438253866794

5700423 Twinkles the Heavyweight Champion (level 27, 366/366 HPs)
             Began as a Troll Shapeshifter on Aug 16, 2023.
             Was the Champion of Wu Jian.
             Escaped with the Orb
             ... and 7 runes on Aug 22, 2023!
             The game lasted 06:13:48 (66094 turns).

Twinkles the Heavyweight Champion (TrSh)           Turns: 66094, Time: 06:13:48

Health: 366/366    AC: 37    Str: 40      XL:     27
Magic:  22/22      EV: 15    Int:  4 (8)  God:    Wu Jian [******]
Gold:   4262       SH: 24    Dex:  8      Spells: 26/26 levels left

rFire   + +          .
                       - Unarmed
rCold   . . .        Q - +8 tower shield {AC+3}
rNeg    + . .        a - melded +9 scales of the Dragon King {rPois rF+ rC+ Will+}
rPois   ∞            (helmet restricted)
rElec   +            s - +4 dragonskin cloak
rCorr   +            (gloves unavailable)
SInv    .            (boots unavailable)
Will    ++++.        W - amulet of the Well-Known Xalams {Acrobat rPois rF+ rCorr}
Stlth   +            u - ring "Koukk" {rF+ Will++ Str+3}
HPRegen 1.61/turn    i - +5 ring of evasion
MPRegen 0.18/turn

%: acrobat
@: statue-form, studying 3 skills, very slow
A: slow and powerful, torment resistance 1, boosted hp, large, unfitting armour,
claws 3, regeneration 1, (shaggy fur 1), (tough skin 1), antennae 1, camouflage
1, clumsy 1, frail 1, inability to drink after injury 1
0: Orb of Zot
}: 7/15 runes: decaying, serpentine, slimy, silver, abyssal, demonic, glowing
a: Begin Untransformation, Renounce Religion, Wall Jump, Serpent's Lash,
Heavenly Storm


You escaped.
You worshipped Wu Jian.
Wu Jian was exalted by your worship.
You were a living statue of rough stone.
You visited 12 branches of the dungeon, and saw 56 of its levels.
You visited Pandemonium 1 time, and saw 5 of its levels.
You visited the Abyss 2 times.
You visited 1 bazaar.
You also visited: Bailey, Gauntlet, Ice Cave, Volcano, Wizlab and Desolation.

You collected 9520 gold pieces.
You spent 5258 gold pieces at shops.

Inventory:

Missiles
 b - 5 silver javelins (quivered)
 l - a throwing net
 r - 9 javelins
 X - 83 large rocks
 Z - 16 curare-tipped darts
Armour
 a - the +9 scales of the Dragon King (melded) {rPois rF+ rC+ Will+}
   (You bought it in a shop on level 11 of the Dungeon)

   rF+:       It protects you from fire.
   rC+:       It protects you from cold.
   rPois:     It protects you from poison Will+: It increases your willpower.
 f - the +10 tower shield of Ignorance {rN+ Int-4}
   (You found it on level 3 of the Vaults)

   Int-4:     It affects your intelligence (-4).
   rN+:       It protects you from negative energy.
 q - a +2 tower shield of cold resistance
 s - the +4 dragonskin cloak (worn)
   (You took it off Tiamat on level 2 of the Realm of Zot)

   Avatar's Aegis: It grants the wearer a chance to resist fire, cold, poison,
   electricity, acid, and negative energy.
 Q - a +8 tower shield of protection (worn)
Jewellery
 e - the ring of the Turtle {Fire rElec MP-9 Dex+4}
   (You bought it in a shop in a bazaar)

   [ring of fire]

   Fire:      It enhances your fire magic.
   Dex+4:     It affects your dexterity (+4).
   rF+:       It protects you from fire.
   rC-:       It makes you vulnerable to cold.
   rElec:     It insulates you from electricity.
   MP-9:      It affects your magic capacity (-9).
 h - the ring "Uloawkywi" {rPois rC+++ Will- rCorr SInv}
   (You found it on level 2 of the Snake Pit)

   [ring of resist corrosion]

   rC+++:     It renders you almost immune to cold.
   rPois:     It protects you from poison Will-: It decreases your willpower.
   SInv:      It lets you see invisible.
   rCorr:     It protects you from acid and corrosion.
 i - a +5 ring of evasion (right claw)
 j - the ring of the Good {rN+ Will+ rCorr Dex+2}
   (You found it on level 3 of the Crypt)

   [ring of positive energy]

   Dex+2:     It affects your dexterity (+2).
   rN+:       It protects you from negative energy.
   Will+:     It increases your willpower.
   rCorr:     It protects you from acid and corrosion.
 m - the ring "Damnable Contraption" {Fly rPois rC+}
   (You took it off a ragged hierophant in the Desolation of Salt)

   [ring of flight]

   rC+:       It protects you from cold.
   rPois:     It protects you from poison Fly: It grants you flight.
 o - the ring of Yloagh {rF- rN+ Will+ rCorr Str+5}
   (You took it off a deep elf annihilator on level 3 of the Elven Halls)

   [ring of willpower]

   Str+5:     It affects your strength (+5).
   rF-:       It makes you vulnerable to fire.
   rN+:       It protects you from negative energy.
   Will+:     It increases your willpower.
   rCorr:     It protects you from acid and corrosion.
 u - the ring "Koukk" (left claw) {rF+ Will++ Str+3}
   (You found it on level 5 of the Pits of Slime)

   [ring of protection from fire]

   Str+3:     It affects your strength (+3).
   rF+:       It protects you from fire.
   Will++:    It greatly increases your willpower.
 x - the ring "Meco" {rCorr Int+6}
   (You found it in the Desolation of Salt)

   [ring of intelligence]

   Int+6:     It affects your intelligence (+6).
   rCorr:     It protects you from acid and corrosion.
 W - the amulet of the Well-Known Xalams (around neck) {Acrobat rPois rF+ rCorr}
   (You found it in the Desolation of Salt)

   [amulet of the acrobat]

   Acrobat:   It increases your evasion while moving and waiting.
   rF+:       It protects you from fire.
   rPois:     It protects you from poison rCorr: It protects you from acid and
   corrosion.
Talismans
 t - a granite talisman (active)
Wands
 d - a wand of digging (43)
 g - a wand of roots (95)
 p - a wand of paralysis (91)
 y - a wand of mindburst (53)
 L - a wand of quicksilver (39)
Scrolls
 k - 10 scrolls of poison
 z - 3 scrolls of revelation
 D - 4 scrolls of blinking
 E - 7 scrolls of fear
 F - 9 scrolls of fog
 K - 6 scrolls of immolation
 O - 8 scrolls of silence
 S - 4 scrolls of summoning
 V - 11 scrolls of vulnerability
 Y - 10 scrolls of teleportation
Potions
 n - 8 potions of enlightenment
 A - 4 potions of attraction
 B - 5 potions of brilliance
 C - 6 potions of cancellation
 G - 5 potions of ambrosia
 H - 10 potions of haste
 I - 4 potions of invisibility
 J - 27 potions of curing
 M - 9 potions of might
 N - 12 potions of heal wounds
 P - 10 potions of lignification
 R - 2 potions of resistance
 T - 5 potions of berserk rage
Miscellaneous
 v - a lightning rod (4/4)
 w - a phial of floods


   Skills:
 + Level 25.0 Fighting
 - Level 20.0 Throwing
 + Level 15.5 Armour
 + Level 8.2 Dodging
 + Level 14.3 Shields
 O Level 27 Unarmed Combat
 - Level 17.3 Shapeshifting


You had 26 spell levels left.
You didn't know any spells.
Your spell library contained the following spells:

 Spells                   Type           Power      Damage    Failure   Level
 Apportation              Tloc           0%         N/A       71%         1
 Foxfire                  Conj/Fire      0%         2x1d4     71%         1
 Freeze                   Ice            0%         1d3       71%         1
 Kiss of Death            Conj/Necr      0%         2d5       71%         1
 Magic Dart               Conj           0%         1d3       71%         1
 Sandblast                Erth           0%         2d4       71%         1
 Slow                     Hex            0%         N/A       71%         1
 Sting                    Tmut/Pois      0%         1d3       71%         1
 Summon Small Mammal      Summ           0%         N/A       71%         1
 Blink                    Tloc           0%         N/A       83%         2
 Call Imp                 Summ           0%         N/A       83%         2
 Cigotuvi's Dreadful Rot  Necr/Pois/Air  0%         N/A       83%         2
 Ensorcelled Hibernation  Hex/Ice        0%         N/A       83%         2
 Lesser Beckoning         Tloc           0%         N/A       83%         2
 Momentum Strike          Conj/Tloc      0%         3d8       83%         2
 Passwall                 Tmut/Erth      0%         N/A       83%         2
 Poisonous Vapours        Pois/Air       0%         N/A       83%         2
 Scorch                   Fire           0%         2d5       83%         2
 Wereblood                Tmut           0%         N/A       83%         2
 Call Canine Familiar     Summ           0%         N/A       97%         3
 Confusing Touch          Hex            0%         N/A       97%         3
 Dazzling Flash           Conj/Hex       0%         N/A       97%         3
 Frozen Ramparts          Ice            0%         1d1       97%         3
 Gell's Gravitas          Tloc           0%         N/A       97%         3
 Hailstorm                Conj/Ice       0%         3d3       97%         3
 Ignite Poison            Fire/Tmut/Pois 0%         N/A       97%         3
 Inner Flame              Hex/Fire       0%         N/A       97%         3
 Mephitic Cloud           Conj/Pois/Air  0%         N/A       97%         3
 Ozocubu's Armour         Ice            0%         N/A       97%         3
 Portal Projectile        Hex/Tloc       0%         N/A       97%         3
 Stone Arrow              Conj/Erth      0%         3d7       97%         3
 Summon Guardian Golem    Hex/Summ       0%         N/A       97%         3
 Teleport Other           Tloc           0%         N/A       97%         3
 Tukima's Dance           Hex            0%         N/A       97%         3
 Vampiric Draining        Necr           0%         2d6       97%         3
 Vhi's Electric Charge    Tloc/Air       0%         N/A       97%         3
 Volatile Blastmotes      Fire/Tloc      0%         2d10      97%         3
 Airstrike                Air            0%         2d(0-16)  100%        4
 Anguish                  Hex/Necr       0%         N/A       100%        4
 Animate Armour           Summ/Erth      0%         N/A       100%        4
 Animate Dead             Necr           0%         N/A       100%        4
 Cause Fear               Hex            0%         N/A       100%        4
 Dispel Undead            Necr           0%         3d6       100%        4
 Flame Wave               Conj/Fire      0%         2d4       100%        4
 Fulminant Prism          Conj/Hex       0%         3d5       100%        4
 Iskenderun's Mystic Bla  Conj/Tloc      0%         2d3       100%        4
 Leda's Liquefaction      Hex/Erth       0%         N/A       100%        4
 Manifold Assault         Tloc           0%         N/A       100%        4
 Olgreb's Toxic Radiance  Pois           0%         N/A       100%        4
 Passage of Golubria      Tloc           0%         N/A       100%        4
 Petrify                  Tmut/Erth      0%         N/A       100%        4
 Summon Ice Beast         Ice/Summ       0%         N/A       100%        4
 Agony                    Necr           0%         N/A       100%        5
 Alistair's Intoxication  Tmut/Pois      0%         N/A       100%        5
 Arcjolt                  Conj/Air       0%         1d10      100%        5
 Borgnjor's Vile Clutch   Necr/Erth      0%         N/A       100%        5
 Fireball                 Conj/Fire      0%         3d3       100%        5
 Freezing Cloud           Conj/Ice/Air   0%         6-21      100%        5
 Irradiate                Conj/Tmut      0%         3d11      100%        5
 Iskenderun's Battlesphe  Conj           0%         2d6       100%        5
 Lee's Rapid Deconstruct  Erth           0%         3d4*      100%        5
 Metabolic Englaciation   Hex/Ice        0%         N/A       100%        5
 Silence                  Hex/Air        0%         N/A       100%        5
 Summon Forest            Summ/Tloc      0%         N/A       100%        5
 Summon Mana Viper        Hex/Summ       0%         N/A       100%        5
 Conjure Ball Lightning   Conj/Air       0%         3x3d6     100%        6
 Death Channel            Necr           0%         N/A       100%        6
 Dispersal                Tloc           0%         N/A       100%        6
 Eringya's Noxious Bog    Tmut/Pois      0%         4d6       100%        6
 Leda's Unmaking          Conj/Erth      0%         9d1       100%        6
 Plasma Beam              Fire/Air       0%         2x1d10    100%        6
 Simulacrum               Ice/Necr       0%         N/A       100%        6
 Starburst                Conj/Fire      0%         6d3       100%        6
 Summon Cactus Giant      Summ           0%         N/A       100%        6
 Enfeeble                 Hex            0%         N/A       100%        7
 Haunt                    Necr/Summ      0%         N/A       100%        7
 Malign Gateway           Summ/Tloc      0%         N/A       100%        7
 Monstrous Menagerie      Summ           0%         N/A       100%        7
 Orb of Destruction       Conj           0%         9d5       100%        7
 Ozocubu's Refrigeration  Ice            0%         4d7       100%        7
 Summon Hydra             Summ           0%         N/A       100%        7
 Borgnjor's Revivificati  Necr           0%         N/A       100%        8
 Discord                  Hex            0%         N/A       100%        8
 Disjunction              Tloc           0%         N/A       100%        8
 Ignition                 Fire           0%         3d3       100%        8
 Infestation              Necr           0%         N/A       100%        8
 Lehudib's Crystal Spear  Conj/Erth      0%         10d2      100%        8
 Maxwell's Capacitive Co  Air            0%         ∞         100%        8
 Summon Horrible Things   Summ           0%         N/A       100%        8
 Death's Door             Necr           0%         N/A       100%        9
 Polar Vortex             Ice            0%         N/A       100%        9


Dungeon Overview and Level Annotations

Branches:
Dungeon (15/15)            Temple (0/1) D:4            Lair (5/5) D:11
  Swamp (4/4) Lair:3        Snake (4/4) Lair:2        Slime (5/5) Lair:5
    Orc (2/2) D:12            Elf (3/3) Orc:2        Vaults (5/5) D:14
  Crypt (3/3) Vaults:3       Tomb (0/3) Crypt:3      Depths (4/4) D:15
   Hell (visited)             Dis (0/7) Hell            Geh (0/7) Hell
    Coc (0/7) Hell            Tar (0/7) Hell            Zot (5/5) Depths:4
 Bailey (visited)           IceCv (visited)         Volcano (visited)
 WizLab (visited)         Desolation (visited)      Gauntlet (visited)

Altars:
Dithmenos
Elyvilon
Gozag
Hepliaklqana
Kikubaaqudgha
Nemelex Xobeh
Okawaru
Qazlal
Ru
Trog
Uskayaw
Wu Jian
Xom
Yredelemnul
Zin
The Shining One

Shops:
D:11 [   Orc:2 ((([?   Elf:1 [   Elf:2 *[?   Snake:2 :=:   Vaults:2 [
Vaults:3 [:   Vaults:4 (   Depths:2 [

Portals:
Hell: Depths:1 Depths:2 Depths:3 Depths:4
Abyss: Depths:3 Depths:4
Pandemonium: Depths:2 Depths:4
Ziggurat: Depths:3

Annotations:
Lair:2 1 exclusion
Snake:3 5 transporters
Slime:4 Dissolution
Vaults:1 1 exclusion
Zot:3 exclusion: door


Innate Abilities, Weirdness & Mutations

You are a living statue of rough stone.
Your actions are slow, but your melee attacks are powerful.
You are resistant to unholy torment.
Your maximum health is greatly increased.
Your equipment is partially melded.
You are too large for most types of armour.
You are immune to poison.
You have claws for hands.
Your natural rate of healing is unusually fast.
((You are covered in fur. (AC +1)))
((You have tough skin. (AC +1)))
You have a pair of small antennae on your head.
Your skin changes colour to match your surroundings (Stealth+).
You are clumsy. (Dex -2)
You are frail. (-10% HP)
You occasionally lose the ability to drink potions when taking damage.


Message History

You eviscerate the hell hound!!!
You kill the hell hound!
The Council accepts your kill.
You open the door.
An Orb Guardian comes into view.
There is an open door here.
There is an escape hatch in the floor here.
There is a staircase leading out of the dungeon here.
Unknown command.
You feel extremely strange.
You feel more encumbered by your armour.
You no longer feel vulnerable to heat.
You feel strong-willed.
Unknown command.
Okay, then.
Unknown command.
Unknown command.
You eviscerate the Orb Guardian!!!!
You kill the Orb Guardian!
The Council accepts your kill.
You feel extremely strange.
You feel agile.
Your body's shape seems more normal.
You no longer feel strong-willed.
You feel your body start to fall apart.
Unknown command.
You feel extremely strange.
You feel a little healthier.
You no longer feel a hidden potential within.
You no longer feel vulnerable to cold.
You feel resistant to heat.
Unknown command.
You feel extremely strange.
You feel healthier.
You no longer feel heat resistant.
You lose the ability to drink potions when taking damage less often.
You feel clumsy.
You feel stupid. A pair of antennae grows on your head!
Your skin functions as natural camouflage.
You feel extremely strange.
You feel clever. The antennae on your head shrink away.
A pair of antennae grows on your head!
Unknown command.
Search for what [? for help]? muta Unknown command.
You have escaped!

#.# #.(#.####.............
#.# #.##).# #...#.##..#.#.
#.####'###.###'###.......#.
#..+.....+.+...†.........#.
#.##'#.#####'#†#'#.#......>
#..'.#.+.....+.#.'.#..#.###
#..#.#)#.....#.#.#....#....
##.#.###..>..###.#...##....
#.#.#.#..8..#.#.#.####.#.#
#.+.#.#.....#.#...##.....#
#.#'#.#####'#.###.##.(.#.#
#.......#.#.....'.##..##.#
#.###+###'###.###.#......#
#.....# #.#.....#.###.####
####### #...##.##.....#
###.##.##..#### #.##.##..#


There were no monsters in sight!

Vanquished Creatures
  the Royal Jelly (Slime:5)
  Mnoleg (Pan)
  4 ancient liches
  Tiamat (Zot:2)
  4 dread liches
  3 orbs of fire
  Mennas (Depths:3)
  Mara (Vaults:2)
  A juggernaut (Depths:3)
  Vv (Depths:2)
  12 Killer Klowns (Zot:5)
  A Head Instructor (WizLab)
  Margery (Vaults:3)
  3 pandemonium lords
  Saint Roka (Vaults:3)
  2 curse toes
  5 caustic shrikes (Depths:3)
  Geryon (Hell)
  Nikola (Snake:3)
  2 bone dragons
  12 golden dragons
  the Enchantress (Depths:3)
  4 Tzitzimimeh
  3 Brimstone Fiends (Pan)
  A shard shrike zombie (Crypt:1)
  6 electric golems
  22 tentacled monstrosities
  2 hellephants (Depths:1)
  3 doom hounds
  29 Orb Guardians
  Rupert (D:12)
  A walking divine tome (Depths:3)
  5 liches
  6 quicksilver dragons
  A walking frostbound tome (Depths:3)
  6 titans
  Grunn (Vaults:3)
  2 deep elf master archers (Elf:3)
  8 sphinxes
  14 acid blobs
  4 Executioners
  2 deep elf blademasters (Elf:3)
  5 ancient champions
  2 thorn hunters
  9 death cobs
  6 tengu reavers
  17 shadow dragons
  12 storm dragons
  A tentacled starspawn (Abyss:3)
  Aizul (Snake:1)
  6 draconian monks
  A fenstrider witch (Swamp:4)
  2 nagarajas (Snake:4)
  2 revenants (Crypt:2)
  2 demonspawn warmongers (Pan)
  11 fire giants
  10 rockslimes
  12 draconian knights
  3 iron dragons
  9 deep elf sorcerers
  10 draconian scorchers
  A ghost moth (Zot:2)
  21 frost giants
  15 azure jellies
  2 balrugs
  3 deep elf elementalists (Elf:3)
  Louise (D:15)
  5 draconian stormcallers
  A juggernaut zombie (Swamp:4)
  12 vault wardens
  2 demonspawn corrupters (Pan)
  An orc warlord (Vaults:4)
  6 spriggan defenders
  5 draconian shifters
  7 draconian annihilators
  22 ironbound preservers
  11 cacodemons
  8 reapers
  A demonspawn blood saint (Pan)
  13 ghouls
  2 angels (Vaults:1)
  12 quicksilver oozes
  37 very ugly things
  3 war gargoyles
  11 formless jellyfish
  A caustic shrike skeleton (Crypt:3)
  A broodmother (shapeshifter) (Depths:2)
  16 stone giants
  12 black draconians
  8 ironbound thunderhulks
  Azrael (D:12)
  Nessos (D:15)
  14 green draconians
  12 yellow draconians
  11 deep elf annihilators
  9 purple draconians
  2 lorocyprocas
  5 vampire knights
  10 deep elf demonologists
  A halazid warlock (Desolation)
  5 eleionomae
  2 putrid mouths (Crypt:1)
  3 spark wasps (Depths:3)
  7 white draconians
  17 red draconians
  5 eidola
  2 green deaths
  5 crystal guardians
  11 ettins
  13 deep elf death magi
  5 ragged hierophants (Desolation)
  4 blizzard demons
  5 fire dragons
  2 entropy weavers (Vaults:4)
  4 deep elf high priests
  10 great orbs of eyes
  15 yaktaur captains
  5 jiangshi
  A spriggan skeleton (Crypt:3)
  29 vault guards
  8 ice dragons
  4 ghost crabs
  2 hell beasts (Hell)
  Erolcha (D:12)
  10 peacekeepers
  5 rakshasas
  5 spriggan air magi
  6 alligators
  15 hydras
  7 servants of whispers (Desolation)
  7 salamander tyrants
  11 two-headed ogres
  4 ogre magi
  A fenstrider witch skeleton (Crypt:2)
  30 dancing weapons
  6 ironbound frosthearts
  19 centaur warriors
  8 death yaks
  3 death knights
  12 anacondas
  12 hell hogs
  A merfolk aquamancer (D:13)
  6 deep troll shamans
  12 naga warriors
  4 boulder beetles
  7 deep troll earth magi
  6 spriggan berserkers
  7 shock serpents
  5 thrashing horrors (Abyss:3)
  5 orc high priests
  11 tengu warriors
  Nergalle (Lair:2)
  22 deep elf knights
  5 demonic crawlers (Pan)
  Urug (Orc:1)
  5 vampire magi
  15 naga sharpshooters
  16 hell knights
  13 soul eaters
  The ghost of Ledomor the Basher, a novice GrMo of Ru (D:12)
  Amaemon (Lair:3)
  11 sun demons
  6 iron trolls
  2 skysharks
  2 titan skeletons
  4 bunyip zombies
  2 spatial maelstroms (Abyss:3)
  30 skeletal warriors
  An anaconda zombie (Hell)
  2 wretched stars (Abyss:3)
  2 salamander mystics
  2 spriggan druids (Swamp:4)
  An iron giant zombie (Crypt:2)
  7 sixfirhies
  A spriggan simulacrum (Hell)
  53 deep trolls
  A golden dragon zombie (Crypt:1)
  5 sea snakes (Snake:1)
  A goliath frog (Swamp:3)
  14 bog bodies
  7 flayed ghosts
  6 naga ritualists
  9 swamp dragons
  6 glowing orange brains
  29 deep elf pyromancers
  A tengu zombie (Depths:3)
  16 ironbound convokers
  3 phantasmal warriors
  12 deep elf archers
  8 wizards
  6 lindwurms
  4 harpies (Vaults:2)
  A harpy (shapeshifter) (Vaults:5)
  A shadow demon (Pan)
  2 bunyip skeletons (Swamp:4)
  An obsidian statue (Zot:5)
  An anaconda skeleton (Crypt:2)
  2 wolf spider zombies
  A tengu skeleton (Depths:3)
  6 orc knights
  35 deep elf zephyrmancers
  8 necromancers
  An alligator zombie (Hell)
  4 will-o-the-wisps
  A mana viper (shapeshifter) (Vaults:4)
  19 mana vipers
  7 orc sorcerers
  20 ugly things
  A shining eye (Slime:3)
  4 cyclopes
  4 manticores
  A manticore (shapeshifter) (Depths:3)
  13 salamanders
  A moth of wrath (shapeshifter) (Depths:3)
  A formless jellyfish zombie (Crypt:1)
  2 spectral centaurs (D:12)
  5 draconians (Abyss:3)
  40 black mambas
  2 iron dragon skeletons
  An alligator skeleton (Hell)
  7 centaur zombies
  5 guardian serpents
  12 vault sentinels
  Joseph (Lair:1)
  15 elephants
  11 naga magi
  2 water nymphs (D:13)
  5 ice statues
  9 rust devils
  26 moths of wrath
  5 molten gargoyles
  Maurice (D:11)
  11 centaur skeletons (D:13)
  16 orange demons
  3 hellions
  3 torpor snails
  An elephant slug zombie (Crypt:2)
  2 gargoyles
  9 smoke demons
  A yellow draconian zombie (Crypt:3)
  8 cane toads
  A white draconian zombie (Crypt:3)
  20 yaktaurs
  3 rime drakes
  8 freezing wraiths
  3 tormentors
  3 tengu conjurers
  3 ice devils
  An orb spider zombie (Crypt:3)
  2 sea snake zombies
  A purple draconian zombie (Crypt:1)
  A dire elephant skeleton (Crypt:1)
  A red devil (Pan)
  7 komodo dragons
  3 efreet
  A guardian mummy (Crypt:1)
  A queen bee (shapeshifter) (Elf:1)
  An ancient zyme (Abyss:3)
  5 trolls
  2 hydra zombies (Hell)
  7 hellwings
  4 polar bears (Lair:5)
  2 sea snake skeletons (Hell)
  41 saltlings (Desolation)
  2 moth of wrath zombies
  A harpy skeleton (Abyss:3)
  A hydra skeleton (Hell)
  A bloated husk (Swamp:3)
  A blink frog (shapeshifter) (Vaults:5)
  13 tyrant leeches
  12 blink frogs
  A dream sheep (shapeshifter) (Depths:3)
  A wolf spider simulacrum (D:12)
  An alligator simulacrum (Hell)
  13 hornets
  An ettin zombie (Crypt:2)
  A stone giant simulacrum (Crypt:2)
  8 dream sheep
  An iron dragon simulacrum (Hell)
  16 large abominations
  4 raiju (Abyss:3)
  2 meliai zombies
  A tarantella (shapeshifter) (D:14)
  A radroach zombie (Crypt:2)
  73 slime creatures
  2 jumping spiders (Vaults:4)
  4 flying skulls (D:13)
  31 spriggans
  6 shadows
  A culicivora (shapeshifter) (D:13)
  2 small abominations
  4 water elementals
  17 wraiths
  4 wyverns
  4 centaur simulacra (D:12)
  An ettin skeleton (Hell)
  A wind drake zombie (Crypt:3)
  5 ynoxinuls
  5 vampires
  A dire elephant simulacrum (IceCv)
  A fire bat (shapeshifter) (Elf:1)
  6 fire elementals
  2 golden eyes (Slime:5)
  9 starcursed masses (Abyss:3)
  52 yaks
  A hog (shapeshifter) (Vaults:4)
  6 fire bats (Volcano)
  4 basilisks
  6 chaos spawn
  22 neqoxecs
  3 redbacks (Vaults:4)
  2 steam dragons
  11 vampire mosquitoes
  A spatial vortex (Abyss:3)
  28 nagas
  A warg (Orc:2)
  16 swamp worms
  9 hell hounds
  14 water moccasins
  2 floating eyes
  A two-headed ogre skeleton (Crypt:3)
  35 orc warriors
  14 swamp drakes
  9 black bears
  An ice beast (D:6)
  2 dream sheep zombies
  A hornet zombie (Swamp:4)
  3 sky beasts
  5 ogres
  4 boggarts
  A lindwurm zombie (Crypt:2)
  33 wolves
  2 centaurs
  4 phantoms
  3 kobold brigands
  2 scorpions
  A gnoll sergeant (D:11)
  10 bullfrogs
  3 necrophages
  2 cane toad simulacra (IceCv)
  An earth elemental (Elf:2)
  A troll zombie (D:12)
  16 wights
  5 killer bees (D:8)
  4 electric eels
  5 howler monkeys
  3 jellies
  6 lava snakes (Volcano)
  2 human zombies
  25 orc priests
  3 hounds
  3 iguanas
  3 human skeletons (Crypt:1)
  A lightning spire (Zot:1)
  A boggart zombie (D:13)
  4 hell rats (Lair:5)
  33 orc wizards
  A wolf simulacrum (IceCv)
  A naga zombie (Crypt:1)
  5 ogre zombies (D:12)
  5 mummies (Crypt:1)
  6 adders
  7 gnolls
  12 white imps (Lair:3)
  4 ufetubi
  2 worms
  4 dart slugs
  82 orcs
  9 ball pythons
  A bat zombie (Crypt:2)
  6 endoplasms
  6 giant cockroaches
  8 hobgoblins
  5 quokkas
  7 bats
  A dart slug zombie (Crypt:3)
  A frilled lizard (D:2)
  A frilled lizard skeleton (Crypt:2)
  6 goblins
  2 goblin skeletons (D:12)
  4 goblin zombies (D:12)
  A hobgoblin skeleton (D:12)
  4 hobgoblin zombies
  15 kobolds
  2 orc skeletons (D:12)
  7 orc zombies (D:12)
  3 rats (D:1)
  2 lurking horrors (Abyss:3)
2702 creatures vanquished.

Vanquished Creatures (collateral kills)
  A large abomination (Pan)
  A neqoxec (Pan)
2 creatures vanquished.

Vanquished Creatures (others)
  A tentacled monstrosity (Zot:3)
  A fire giant (Depths:1)
  A vault warden (Vaults:5)
  A deep elf high priest (Vaults:5)
  A vault guard (Vaults:5)
  A deep elf pyromancer (Elf:1)
  A guardian serpent (Snake:3)
  A bloated husk (Swamp:3)
  2 nagas (Snake:4)
  2 orcs (Vaults:5)
  18 foxfires
30 creatures vanquished.

Grand Total: 2734 creatures vanquished

Notes
Turn   | Place    | Note
-------+----------+-------------------------------------------
     0 | D:1      | Twinkles the Troll Shapeshifter began the quest for the
                  | Orb.
     0 | D:1      | Reached XP level 1. HP: 18/18 MP: 0/0
    84 | D:1      | Reached skill level 1 in Fighting
    93 | D:1      | Reached XP level 2. HP: 27/27 MP: 1/1
   401 | D:1      | Reached XP level 3. HP: 33/33 MP: 2/2
  1118 | D:3      | HP: 5/33 [gnoll/+0 halberd (8)]
  1161 | D:3      | Reached XP level 4. HP: 41/41 MP: 3/3
  1487 | D:3      | Found an ornate altar of the Wu Jian Council.
  1497 | D:3      | Became a worshipper of the Wu Jian Council
  1501 | D:3      | Found a hide-covered altar of Uskayaw.
  1501 | D:3      | Found a shimmering altar of Xom.
  1847 | D:4      | Reached skill level 4 in Unarmed Combat
  1847 | D:4      | Reached XP level 5. HP: 46/49 MP: 4/4
  1872 | D:4      | Found a staircase to the Ecumenical Temple.
  1924 | D:4      | Noticed a black bear
  1933 | D:4      | Killed a black bear
  1934 | D:4      | Reached XP level 6. HP: 41/59 MP: 5/5
  2521 | D:5      | Entered Level 5 of the Dungeon
  2706 | D:4      | Reached skill level 5 in Unarmed Combat
  2770 | D:5      | Reached XP level 7. HP: 61/67 MP: 6/6
  2876 | D:5      | Found a shadowy altar of Dithmenos.
  2987 | D:5      | Found a bloodstained altar of Trog.
  3059 | D:5      | Reached * piety under Wu Jian
  3060 | D:5      | Reached skill level 5 in Shapeshifting
  3250 | D:6      | Reached skill level 6 in Unarmed Combat
  3250 | D:6      | Reached XP level 8. HP: 78/78 MP: 7/7
  3873 | D:7      | Reached skill level 5 in Fighting
  3977 | D:7      | Reached skill level 7 in Unarmed Combat
  4073 | D:7      | Found a glowing silver altar of Zin.
  4215 | D:7      | Reached ** piety under Wu Jian
  4336 | D:7      | Reached XP level 9. HP: 88/88 MP: 8/8
  4762 | D:7      | Found a stormy altar of Qazlal.
  4999 | D:8      | Found a flagged portal.
  5056 | Bailey   | Entered a bailey
  5133 | Bailey   | Noticed an orc knight
  5158 | Bailey   | Upgraded the game from 0.31-a0-544-gceb718ecc6 to
                  | 0.31-a0-557-g6e16503903
  5208 | D:8      | Reached skill level 8 in Unarmed Combat
  5285 | D:8      | Noticed a two-headed ogre
  5540 | D:8      | Found a sparkling altar of Nemelex Xobeh.
  6134 | D:8      | Killed a two-headed ogre
  6134 | D:8      | Reached *** piety under Wu Jian
  6135 | D:8      | Reached XP level 10. HP: 61/102 MP: 9/9
  6339 | D:9      | Reached skill level 9 in Unarmed Combat
  6437 | D:9      | Noticed a brown ugly thing
  6678 | D:9      | Noticed a two-headed ogre
  6910 | D:9      | Killed a brown ugly thing
  6996 | D:9      | Found a glowing golden altar of the Shining One.
  7121 | D:9      | Noticed a wizard
  7126 | D:10     | Entered Level 10 of the Dungeon
  7138 | D:10     | Noticed a two-headed ogre
  7144 | D:10     | Killed a two-headed ogre
  7145 | D:10     | Reached skill level 10 in Unarmed Combat
  7204 | D:10     | Found an iron altar of Okawaru.
  7317 | D:10     | Found a sacrificial altar of Ru.
  7508 | D:10     | Reached XP level 11. HP: 113/113 MP: 10/10
  7621 | D:10     | Found a basalt altar of Yredelemnul.
  7690 | D:9      | Killed a wizard
  8094 | D:9      | Killed a two-headed ogre
  8565 | D:11     | Reached **** piety under Wu Jian
  8641 | D:11     | Reached skill level 11 in Unarmed Combat
  8687 | D:11     | Found Usso's Armour Shop.
  8702 | D:11     | Found a gate leading to a gauntlet.
  8715 | Gauntlet | Entered a Gauntlet
  8715 | Gauntlet | Noticed a tengu warrior
  8715 | Gauntlet | Found a transporter.
  8724 | Gauntlet | Found a runed translucent door.
  8728 | Gauntlet | Found a transporter.
  8739 | Gauntlet | Found a transporter.
  8742 | Gauntlet | Found a transporter.
  8748 | Gauntlet | Noticed an eight-headed hydra
  8753 | Gauntlet | Found a transporter.
  8771 | Gauntlet | Found a transporter.
  8782 | Gauntlet | Found a transporter.
  8786 | Gauntlet | Noticed a thrashing horror
  8793 | Gauntlet | Found a transporter.
  8794 | Gauntlet | Noticed a reaper
  8812 | Gauntlet | Found a transporter.
  8826 | Gauntlet | Found a transporter.
  8828 | Gauntlet | Found a transporter.
  8836 | Gauntlet | Found a transporter.
  8872 | Gauntlet | Noticed an obsidian statue
  8874 | Gauntlet | Found a transporter.
  8888 | Gauntlet | Found a transporter.
  8891 | Gauntlet | Noticed a thrashing horror
  9018 | D:11     | Noticed Maurice
  9106 | D:11     | Found a staircase to the Lair.
  9164 | D:11     | Killed Maurice
  9172 | D:11     | Identified the +8 rapier of Tuicefuj {drain, Drain rElec
                  | Will++ Int+4}
  9179 | D:11     | Noticed a boulder beetle
  9308 | D:11     | Killed a boulder beetle
  9569 | Lair:1   | Entered Level 1 of the Lair of Beasts
  9606 | Lair:1   | Reached skill level 10 in Shapeshifting
  9749 | Lair:1   | Reached XP level 12. HP: 126/126 MP: 11/11
 10263 | Lair:1   | Noticed Joseph
 10269 | Lair:1   | Killed Joseph
 10269 | Lair:1   | Reached skill level 12 in Unarmed Combat
 10427 | Lair:2   | Reached skill level 10 in Fighting
 10440 | Lair:2   | Noticed a boulder beetle
 10506 | Lair:2   | Killed a boulder beetle
 10513 | Lair:2   | Found a hide-covered altar of Uskayaw.
 10513 | Lair:2   | Found an ornate altar of the Wu Jian Council.
 10531 | Lair:2   | Found a dark tunnel.
 10589 | Volcano  | Entered a volcano
 10940 | Volcano  | Found a radiant altar of Vehumet.
 11013 | Volcano  | Noticed a fire dragon
 11140 | Lair:2   | Found a staircase to the Snake Pit.
 11311 | Lair:2   | Noticed Nergalle
 11324 | Lair:2   | Killed Nergalle
 11574 | Lair:2   | Reached skill level 13 in Unarmed Combat
 12011 | Lair:3   | Reached XP level 13. HP: 137/137 MP: 12/12
 12033 | Lair:3   | Found a frozen archway.
 12065 | Lair:3   | Reached ***** piety under Wu Jian
 12104 | IceCv    | Entered an ice cave
 12133 | IceCv    | Found a transporter.
 12143 | IceCv    | Found a transporter.
 12288 | Lair:3   | Found a staircase to the Swamp.
 12660 | Lair:3   | Noticed Amaemon
 12875 | Lair:3   | Killed Amaemon
 13474 | Lair:4   | Reached skill level 14 in Unarmed Combat
 14041 | Lair:5   | Entered Level 5 of the Lair of Beasts
 14052 | Lair:4   | HP: 46/168 [death yak (9)]
 14170 | Lair:5   | Reached XP level 14. HP: 149/149 MP: 13/13
 14459 | Lair:5   | Found a staircase to the Slime Pits.
 15629 | D:12     | Noticed Rupert
 15635 | D:12     | Killed Rupert
 15819 | D:12     | Found a staircase to the Orcish Mines.
 16027 | D:12     | Found a runed translucent gate.
 16118 | D:12     | Found a runed translucent gate.
 16118 | D:12     | Found a runed translucent gate.
 16121 | D:12     | Noticed Ledomor's ghost (novice GrMo)
 16182 | D:12     | Noticed Erolcha
 16243 | D:12     | Noticed Azrael
 16421 | Orc:1    | Entered Level 1 of the Orcish Mines
 16428 | Orc:1    | Reached skill level 15 in Unarmed Combat
 16452 | D:12     | Reached skill level 5 in Dodging
 16474 | Orc:1    | Reached ****** piety under Wu Jian
 16489 | Orc:1    | Noticed Urug
 16500 | Orc:1    | Killed Urug
 16833 | Orc:2    | Entered Level 2 of the Orcish Mines
 16833 | Orc:2    | Found a staircase to the Elven Halls.
 17037 | Orc:2    | Found Ohouplo's Antique Weapon Shop.
 17169 | Orc:1    | Upgraded the game from 0.31-a0-557-g6e16503903 to
                  | 0.31-a0-574-g69dc8cc98e
 17507 | D:11     | Bought the +9 scales of the Dragon King {rPois rF+ rC+
                  | Will+} for 1622 gold pieces
 17507 | D:11     | Found the +9 scales of the Dragon King {rPois rF+ rC+
                  | Will+}
 17645 | D:12     | Killed Erolcha
 17748 | D:12     | Killed Azrael
 18250 | D:13     | Reached XP level 15. HP: 99/157 MP: 14/14
 18289 | D:13     | Reached skill level 1 in Armour
 19081 | D:14     | Reached skill level 1 in Throwing
 19406 | D:14     | Reached skill level 16 in Unarmed Combat
 19592 | D:14     | Found a gate to the Vaults.
 19664 | D:14     | Identified a scroll of acquirement
 19665 | D:14     | Acquired a manual of Armour
 19671 | D:14     | Upgraded the game from 0.31-a0-574-g69dc8cc98e to
                  | 0.31-a0-590-g8a5a4361df
 19672 | D:15     | Entered Level 15 of the Dungeon
 19819 | D:15     | Noticed Nessos
 19825 | D:15     | Killed Nessos
 20067 | D:15     | Found a staircase to the Depths.
 20153 | D:15     | Noticed Louise
 20181 | D:15     | Killed Louise
 20259 | D:15     | Reached skill level 1 in Shields
 20819 | Swamp:1  | Entered Level 1 of the Swamp
 21192 | Swamp:1  | Reached skill level 5 in Armour
 21835 | Swamp:2  | You are sucked into a shaft and drop 1 floor!
 22151 | Swamp:3  | Reached XP level 16. HP: 171/171 MP: 15/15
 22582 | Swamp:4  | Entered Level 4 of the Swamp
 22685 | Swamp:4  | Found an ancient bone altar of Kikubaaqudgha.
 22854 | Swamp:4  | Reached skill level 5 in Throwing
 23074 | Swamp:4  | Got Kikubaaqudgha's Meditations on Despair
 23925 | Swamp:4  | Noticed a thorn hunter
 23941 | Swamp:4  | Killed a thorn hunter
 24010 | Swamp:4  | Got a decaying rune of Zot
 24059 | Swamp:4  | Reached skill level 5 in Shields
 24059 | Swamp:4  | Reached skill level 17 in Unarmed Combat
 24115 | Swamp:4  | Noticed a thorn hunter
 24163 | Swamp:3  | Killed a thorn hunter
 24415 | Snake:1  | Entered Level 1 of the Snake Pit
 24914 | Snake:1  | Reached XP level 17. HP: 182/182 MP: 16/16
 25094 | Snake:1  | Found Nymemen's Distillery.
 25095 | Snake:1  | Identified the +4 great sword of Wodimp {heavy, SInv}
 25103 | Snake:1  | Bought a potion of berserk rage for 60 gold pieces
 25103 | Snake:1  | Bought a potion of might for 48 gold pieces
 25167 | Snake:1  | Noticed Aizul
 25185 | Snake:1  | Killed Aizul
 25185 | Snake:1  | HP: 49/182 [salamander/+0 halberd (6)]
 25190 | Snake:1  | HP: 50/182 [poisoned by Aizul (bolt of poison)]
 26270 | Snake:2  | Identified the ring "Uloawkywi" {rPois rC+++ Will- rCorr
                  | SInv}
 26461 | Snake:2  | Found Qemuabbick's Book Shop.
 26461 | Snake:2  | Found Ryuz's Jewellery Emporium.
 26463 | Snake:2  | Found Seoxkoch's Book Shop.
 26847 | Snake:3  | Found a transporter.
 26855 | Snake:3  | Found a transporter.
 27254 | Snake:3  | Found a transporter.
 27315 | Snake:3  | HP: 39/182 [naga warrior/+0 halberd (16)]
 27474 | Snake:3  | Reached skill level 10 in Armour
 27586 | Snake:3  | Found a transporter.
 27587 | Snake:3  | Found a transporter.
 27705 | Snake:3  | Noticed Nikola
 27931 | Vaults:1 | Entered Level 1 of the Vaults
 27951 | Vaults:1 | Reached skill level 15 in Fighting
 28191 | Vaults:1 | Found a white marble altar of Elyvilon.
 28199 | Vaults:1 | Found a crumbling gateway.
 28201 | Vaults:1 | Found a glowing silver altar of Zin.
 28201 | Vaults:1 | Found a glowing golden altar of the Shining One.
 28248 | Desolati | Entered the Desolation of Salt
 28641 | Desolati | Identified the ring "Dugogyni" {*Slow rC+ rN+++ Int+5
                  | Stlth-}
 28644 | Desolati | Identified the +2 flail of Innocence {heavy, Str+3 Dex+4}
 28649 | Desolati | Identified the +1 scale mail of Ynaixipp {rPois rC++ rCorr}
 28990 | Desolati | Identified the ring "Damnable Contraption" {Fly rPois rC+}
 29055 | Desolati | Reached XP level 18. HP: 163/193 MP: 17/17
 29184 | Desolati | Reached skill level 18 in Unarmed Combat
 29211 | Desolati | Identified the ring "Meco" {rCorr Int+6}
 29222 | Desolati | Identified the ring "Ismump" {rPois rN+ SInv}
 29464 | Desolati | Identified the amulet of the Well-Known Xalams {Acrobat
                  | rPois rF+ rCorr}
 29659 | Desolati | Got the Handbook of Ill-starred Shapes
 30773 | Vaults:1 | HP: 56/193 [ironbound thunderhulk/bolt of lightning (42)]
 31755 | Vaults:2 | Upgraded the game from 0.31-a0-590-g8a5a4361df to
                  | 0.31-a0-596-g831eee08f1
 32138 | Vaults:2 | Noticed Mara
 32158 | Vaults:2 | Noticed Twinkles's illusion
 32263 | Vaults:3 | Noticed Margery
 32274 | Vaults:3 | Killed Margery
 32354 | Vaults:3 | Got the Almanac of the Volcano
 32415 | Vaults:3 | Reached XP level 19. HP: 201/204 MP: 18/18
 32422 | Vaults:3 | Reached skill level 10 in Throwing
 32462 | Vaults:3 | Noticed Saint Roka
 32476 | Vaults:3 | Killed Saint Roka
 32801 | Vaults:3 | Noticed an ancient lich
 32807 | Vaults:3 | Killed an ancient lich
 32886 | Vaults:3 | Found Qidutul's Book Shoppe.
 32891 | Vaults:3 | Found Xedd's Antique Armour Shop.
 32891 | Vaults:3 | Found the +10 tower shield of Ignorance {rN+ Int-4}
 33304 | Vaults:3 | Found a staircase to the Crypt.
 33755 | Vaults:4 | Reached skill level 19 in Unarmed Combat
 33867 | Vaults:4 | Reached skill level 10 in Shields
 33872 | Vaults:4 | HP: 41/201 [tengu reaver/bolt of lightning (31)]
 34829 | Vaults:4 | Found Iseu's Weapon Emporium.
 34919 | Vaults:5 | Entered Level 5 of the Vaults
 34943 | Vaults:4 | Reached XP level 20. HP: 212/215 MP: 19/19
 35311 | Vaults:2 | Found Pyoffob's Armour Boutique.
 35790 | D:14     | Upgraded the game from 0.31-a0-596-g831eee08f1 to
                  | 0.31-a0-609-g7bf6ffcfed
 36251 | Orc:2    | Found Xiryn's Antique Armour Shoppe.
 36251 | Orc:2    | Found Lont's Magic Scroll Shoppe.
 36279 | Orc:2    | Found Tunwee's Weapon Emporium.
 36283 | Orc:2    | Found Kaifuoj's Weapon Emporium.
 36298 | Orc:2    | Bought a scroll of teleportation for 39 gold pieces
 36298 | Orc:2    | Bought a scroll of fog for 52 gold pieces
 36298 | Orc:2    | Bought a scroll of teleportation for 39 gold pieces
 37017 | Snake:3  | Killed Nikola
 37102 | Snake:3  | Found a transporter.
 37292 | Snake:4  | Entered Level 4 of the Snake Pit
 38034 | Snake:4  | Got a serpentine rune of Zot
 38397 | Elf:1    | Entered Level 1 of the Elven Halls
 38819 | Elf:1    | Got Sif Muna's Dissertation on Injury and Phantasms
 38980 | Elf:1    | Found Mayryg's Armour Shop.
 39109 | Elf:1    | Identified the +5 spear "Ycuw Pos" {distort, Fragile Will+
                  | Dex+8 SInv}
 39251 | Elf:2    | Found Gylut's Assorted Antiques.
 39328 | Elf:2    | Reached skill level 20 in Unarmed Combat
 39370 | Elf:2    | Found a runed translucent gate.
 39370 | Elf:2    | Found a runed translucent gate.
 39370 | Elf:2    | Found a runed translucent gate.
 39416 | Elf:2    | Found an ancient bone altar of Kikubaaqudgha.
 39417 | Elf:2    | Found Duukialu's Armour Emporium.
 39470 | Elf:2    | Found a magical portal.
 39483 | WizLab   | Entered Yara's Duelist Academy
 39545 | WizLab   | Reached XP level 21. HP: 221/226 MP: 20/20
 39650 | WizLab   | Noticed Gestecra
 39652 | WizLab   | Killed Gestecra the Head Instructor
 39810 | WizLab   | Got Yara's Writings on Beguiling
 40208 | Elf:2    | Found Ciwom's Magic Scroll Boutique.
 40218 | Elf:2    | Bought a scroll of revelation for 97 gold pieces
 40218 | Elf:2    | Bought 3 scrolls of silence for 370 gold pieces
 40218 | Elf:2    | Bought a scroll of revelation for 97 gold pieces
 40345 | Elf:2    | Got the Lectures on Friendly Oxidation
 40406 | Elf:2    | Identified the +2 quarterstaff of Niblytu {heavy, SInv}
 41124 | Elf:3    | Entered Level 3 of the Elven Halls
 41709 | Elf:3    | Identified the +8 flail of Rulyiphatz {freeze, Str+5}
 41709 | Elf:3    | Identified the +3 quarterstaff "Joregg" {freeze, Str+4}
 41796 | Elf:3    | Lost intelligence.
 41798 | Elf:3    | Identified the +7 morningstar of Untimely Demise {flame,
                  | rElec Will+ Int-3}
 41798 | Elf:3    | Identified the ring of Yloagh {rF- rN+ Will+ rCorr Str+5}
 41915 | Elf:3    | Identified the +3 executioner's axe "Mookalof" {holy, rElec
                  | rC+ Str+5}
 41958 | Elf:3    | Identified the amulet of Kaicigh {RegenMP Rampage rC- Str-5
                  | Dex+6}
 42036 | Elf:3    | Identified the +0 robe "Xuecoitz" {Drain rElec SInv}
 42069 | Elf:3    | Identified the staff "Dukeul" {rElec rC- SInv Conj Poison}
 42170 | Elf:3    | Got the Discursus on Malediction
 42237 | Elf:3    | Got Kuck's Encyclopedia of the Displaced Wind
 42486 | Depths:1 | Entered Level 1 of the Depths
 42720 | Depths:1 | Found a hazy altar of Hepliaklqana.
 42821 | Depths:1 | Reached XP level 22. HP: 237/237 MP: 21/21
 42902 | Depths:1 | Found a gateway to Hell.
 43072 | Depths:1 | Reached skill level 21 in Unarmed Combat
 43467 | Depths:2 | Noticed Vv
 43579 | Depths:2 | Found Zegako's Armour Shoppe.
 43587 | Depths:2 | Found Dafak's General Store.
 43729 | Depths:2 | Identified the ring of Raruv {Drain +Blink Fly EV+5}
 43949 | Depths:2 | Killed Vv
 44055 | Depths:2 | Found a one-way gate leading to the halls of Pandemonium.
 44576 | Depths:3 | Noticed Mennas
 44634 | Depths:3 | Noticed a golden dragon
 44638 | Depths:3 | Killed a golden dragon
 44785 | Depths:3 | Found a one-way gateway to a ziggurat.
 44792 | Depths:3 | Lost intelligence.
 44886 | Depths:3 | Killed Mennas
 45046 | Depths:3 | Noticed the Enchantress
 45050 | Depths:3 | Killed the Enchantress
 45302 | Depths:3 | Found an opulent altar of Gozag.
 45356 | Depths:3 | Found a gateway to a bazaar.
 45420 | Bazaar   | Entered a bazaar
 45428 | Bazaar   | Found Juchuy's Book Shop.
 45428 | Bazaar   | Found Ziffun's Jewellery Shop.
 45484 | Bazaar   | Bought the ring "Qiedwal" {+Blink rPois rC+++ Will+ Str-2}
                  | for 740 gold pieces
 45484 | Bazaar   | Bought the ring of the Turtle {Fire rElec MP-9 Dex+4} for
                  | 285 gold pieces
 45484 | Bazaar   | Bought a talisman of death for 1137 gold pieces
 45658 | Depths:3 | Found a one-way gate to the infinite horrors of the Abyss.
 45670 | Depths:3 | Identified the amulet of Weara {Faith Harm rF+ rN+}
 46045 | Depths:3 | Reached XP level 23. HP: 237/249 MP: 22/22
 46046 | Depths:3 | Noticed a juggernaut
 46056 | Depths:3 | Killed a juggernaut
 46059 | Depths:3 | Noticed a caustic shrike
 46062 | Depths:3 | Noticed a caustic shrike
 46066 | Depths:3 | Noticed a caustic shrike
 46067 | Depths:3 | Killed a caustic shrike
 46068 | Depths:3 | Reached skill level 15 in Throwing
 46070 | Depths:3 | Noticed a caustic shrike
 46072 | Depths:3 | Killed a caustic shrike
 46072 | Depths:3 | Killed a caustic shrike
 46073 | Depths:3 | Killed a caustic shrike
 46427 | Depths:3 | Reached skill level 22 in Unarmed Combat
 46565 | Depths:4 | Entered Level 4 of the Depths
 46572 | Depths:3 | Noticed a caustic shrike
 46577 | Depths:3 | Killed a caustic shrike
 47321 | Depths:4 | Found a gate to the Realm of Zot.
 47470 | Depths:4 | Identified the +5 flail "Keitzuti" {venom, rC+++ Will- MP+9
                  | Stlth+}
 47963 | D:12     | Killed Ledomor's ghost
 47989 | D:12     | Reached skill level 15 in Shapeshifting
 48287 | Slime:1  | Entered Level 1 of the Pits of Slime
 48506 | Slime:3  | Gained mutation: You are vulnerable to heat. (rF-) [a
                  | shining eye]
 48575 | Slime:5  | Entered Level 5 of the Pits of Slime
 49788 | Slime:5  | Noticed the Royal Jelly
 49831 | Slime:4  | Lost mutation: You are vulnerable to heat. (rF-) [potion of
                  | mutation]
 49831 | Slime:4  | Gained mutation: You expend magic power (3 MP) to
                  | strengthen your wands. [potion of mutation]
 50047 | Slime:4  | Noticed Dissolution
 50182 | Slime:2  | Paralysed by a formless jellyfish for 1 turns
 50203 | Slime:2  | Reached XP level 24. HP: 235/262 MP: 22/22
 50301 | Slime:5  | Killed the Royal Jelly
 50618 | Slime:5  | Identified the ring "Koukk" {rF+ Will++ Str+3}
 50622 | Slime:5  | Got a slimy rune of Zot
 50623 | Slime:5  | Identified the +6 battleaxe "Orb Guardian's Curse" {vamp,
                  | Int+3 SInv}
 50624 | Slime:5  | Identified the amulet "Xammee" {Reflect -Tele rC+ Regen+
                  | Slay+2 SH+5}
 50656 | Slime:5  | Identified the +2 mace "Uttor" {freeze, rN+ Int+4}
 50665 | Slime:5  | Identified the amulet "Rixopogi" {Spirit Dex+2}
 50671 | Slime:5  | Identified the +8 rapier of Eternal War {flame, Will-
                  | Int+5}
 51148 | Vaults:2 | Noticed Twinkles's illusion
 51162 | Vaults:2 | Killed Mara
 51914 | Vaults:4 | HP: 91/340 [frost giant/bolt of cold (39)]
 52402 | Vaults:4 | Reached skill level 23 in Unarmed Combat
 52448 | Vaults:5 | Noticed an ancient lich
 52463 | Vaults:5 | Identified the ring of Mydghide {rN+ Will+ Dex+3}
 52829 | Abyss:2  | Cast into level 2 of the Abyss (a deep elf sorcerer)
 52945 | Abyss:3  | Found a transporter.
 52964 | Abyss:3  | Found a transporter.
 52987 | Abyss:3  | Got an abyssal rune of Zot
 53006 | Vaults:5 | Escaped the Abyss
 53026 | Vaults:5 | Killed an ancient lich
 53029 | Vaults:5 | Identified the +1 quarterstaff "X" {drain, rC+ Int+4}
 53043 | Vaults:5 | Noticed an ancient lich
 53047 | Vaults:5 | Killed an ancient lich
 53362 | Vaults:5 | Identified the +1 robe "Yrudos" {rF+ Will+}
 53581 | Vaults:5 | Reached XP level 25. HP: 273/273 MP: 22/22
 53920 | Vaults:5 | Got a silver rune of Zot
 54100 | Crypt:1  | Entered Level 1 of the Crypt
 54248 | Crypt:1  | Reached XP level 26. HP: 283/283 MP: 22/22
 54269 | Crypt:1  | Noticed Grunn
 54387 | Vaults:3 | Killed Grunn
 54631 | Crypt:1  | You fall into a shaft and drop 1 floor!
 54736 | Crypt:2  | Identified the +3 broad axe of Hauch {venom, Str+2}
 55181 | Crypt:2  | Reached skill level 24 in Unarmed Combat
 55756 | Crypt:3  | Entered Level 3 of the Crypt
 55831 | Crypt:3  | Found a staircase to the Tomb.
 56045 | Crypt:3  | Noticed an ancient lich
 56636 | Crypt:3  | Noticed a dread lich
 56731 | Crypt:3  | Killed a dread lich
 56759 | Crypt:3  | Killed an ancient lich
 56769 | Crypt:3  | Identified the amulet "Sunweuc" {Spirit rN+}
 56770 | Crypt:3  | Identified the staff of the Enemy {Str+4 Earth}
 56771 | Crypt:3  | Identified the ring of the Good {rN+ Will+ rCorr Dex+2}
 56771 | Crypt:3  | Identified the ring "Loipn" {+Blink rN+}
 56771 | Crypt:3  | Identified the ring of Weuzael {rC+ rN+ rCorr}
 56782 | Crypt:3  | Identified the +4 dagger of the Tortured God {drain, Dex+3}
 57099 | Hell     | Entered the Vestibule of Hell
 57099 | Hell     | Noticed Geryon
 57200 | Hell     | Gained mutation: Your magical capacity is low. (-10% MP) [a
                  | cacodemon]
 57203 | Depths:1 | Gained mutation: You are frail. (-10% HP) [a cacodemon]
 57214 | Depths:1 | Lost mutation: Your magical capacity is low. (-10% MP)
                  | [potion of mutation]
 57214 | Depths:1 | Lost mutation: You expend magic power (3 MP) to strengthen
                  | your wands. [potion of mutation]
 57214 | Depths:1 | Lost mutation: You are frail. (-10% HP) [potion of
                  | mutation]
 57214 | Depths:1 | Gained mutation: You occasionally lose the ability to read
                  | scrolls when taking damage. [potion of mutation]
 57214 | Depths:1 | Gained mutation: You sometimes lose your temper in combat.
                  | [potion of mutation]
 57215 | Depths:1 | Lost mutation: You sometimes lose your temper in combat.
                  | [potion of mutation]
 57215 | Depths:1 | Lost mutation: You occasionally lose the ability to read
                  | scrolls when taking damage. [potion of mutation]
 57215 | Depths:1 | Gained mutation: You have a somewhat thin skeletal
                  | structure. (Dex +2, Stealth+) [potion of mutation]
 57215 | Depths:1 | Gained mutation: You have supernaturally acute eyesight.
                  | (SInv) [potion of mutation]
 57215 | Depths:1 | Gained mutation: You have a pair of small antennae on your
                  | head. [potion of mutation]
 57470 | Hell     | Killed Geryon
 57592 | Hell     | Found a gateway to the decaying netherworld of Tartarus.
 57731 | Hell     | Found a gateway to the ashen valley of Gehenna.
 57938 | Hell     | Found a gateway to the Iron City of Dis.
 58023 | Hell     | Found a gateway to the freezing wastes of Cocytus.
 58301 | Snake:1  | Bought a potion of haste for 120 gold pieces
 58301 | Snake:1  | Bought a potion of ambrosia for 96 gold pieces
 58301 | Snake:1  | Bought a potion of mutation for 96 gold pieces
 58301 | Snake:1  | Bought a potion of ambrosia for 96 gold pieces
 58301 | Snake:1  | Bought a potion of ambrosia for 96 gold pieces
 58301 | Snake:1  | Bought a potion of curing for 36 gold pieces
 58301 | Snake:1  | Bought a potion of invisibility for 96 gold pieces
 58301 | Snake:1  | Bought a potion of curing for 36 gold pieces
 58538 | Zot:1    | Entered Level 1 of the Realm of Zot
 58562 | Zot:1    | Reached XP level 27. HP: 297/297 MP: 22/22
 58647 | Zot:1    | Reached skill level 25 in Unarmed Combat
 59469 | Zot:2    | Found the +4 dragonskin cloak
 59469 | Zot:2    | Noticed Tiamat
 59760 | Zot:2    | Killed Tiamat
 60793 | Zot:3    | Noticed an orb of fire
 61384 | Zot:4    | Noticed an orb of fire
 61393 | Zot:4    | Killed an orb of fire
 61418 | Zot:4    | Reached skill level 26 in Unarmed Combat
 61430 | Zot:4    | Identified the +9 mace of Non Obstante Veredicto
                  | {antimagic, Int+4}
 61936 | Zot:5    | Entered Level 5 of the Realm of Zot
 62334 | Zot:5    | Noticed a dread lich
 62344 | Zot:5    | Gained mutation: You are occasionally teleported next to
                  | monsters. [mutagenic glow]
 62346 | Zot:5    | Noticed an orb of fire
 62356 | Zot:4    | Gained mutation: Armour fits poorly on your strangely
                  | shaped body. [mutagenic glow]
 62367 | Zot:4    | Killed a dread lich
 62370 | Zot:4    | Lost mutation: Armour fits poorly on your strangely shaped
                  | body. [potion of mutation]
 62370 | Zot:4    | Lost mutation: You have a pair of small antennae on your
                  | head. [potion of mutation]
 62370 | Zot:4    | Lost mutation: You have a somewhat thin skeletal structure.
                  | (Dex +2, Stealth+) [potion of mutation]
 62370 | Zot:4    | Gained mutation: You have hidden genetic potential. [potion
                  | of mutation]
 62371 | Zot:4    | Lost mutation: You are occasionally teleported next to
                  | monsters. [potion of mutation]
 62371 | Zot:4    | Lost mutation: You have supernaturally acute eyesight.
                  | (SInv) [potion of mutation]
 62371 | Zot:4    | Gained mutation: You possess an exceptional clarity of
                  | mind. [potion of mutation]
 62434 | Zot:5    | Noticed a dread lich
 62436 | Zot:5    | Noticed an orb of fire
 62592 | Zot:5    | Noticed a dread lich
 62597 | Zot:5    | Killed a dread lich
 62655 | Zot:5    | Killed an orb of fire
 62778 | Zot:5    | Reached skill level 27 in Unarmed Combat
 62927 | Zot:5    | Killed a dread lich
 63183 | Zot:5    | Gained mutation: You occasionally lose the ability to drink
                  | potions when taking damage. [an orb of fire]
 63187 | Zot:5    | Killed an orb of fire
 63810 | Depths:4 | Upgraded the game from 0.31-a0-609-g7bf6ffcfed to
                  | 0.31-a0-618-g7ca08c1ff9
 63825 | Pan      | Entered Pandemonium
 64019 | Pan      | Noticed Joke the pandemonium lord
 64024 | Pan      | Killed Joke the pandemonium lord
 64039 | Pan      | Got a demonic rune of Zot
 64087 | Pan      | Noticed Zeuri the pandemonium lord
 64091 | Pan      | Found a runed translucent door.
 64476 | Pan      | Reached skill level 15 in Armour
 64477 | Pan      | Noticed Vedurr the pandemonium lord
 64489 | Pan      | Killed Vedurr the pandemonium lord
 64649 | Pan      | Acquired 587 gold pieces
 64800 | Pan      | Entered the realm of Mnoleg.
 64803 | Pan      | Gained mutation: You are vulnerable to cold. (rC-) [a
                  | neqoxec]
 64811 | Pan      | Gained mutation: Armour fits poorly on your strangely
                  | shaped body. [a neqoxec]
 64871 | Pan      | Gained mutation: You are clumsy. (Dex -2) [a cacodemon]
 64872 | Pan      | Gained mutation: You sometimes lose the ability to drink
                  | potions when taking damage. [a cacodemon]
 64891 | Pan      | Found an exit through the horrors of the Abyss.
 64972 | Pan      | Lost intelligence.
 64973 | Pan      | Gained mutation: Your body sometimes deteriorates upon
                  | taking damage. [a neqoxec]
 65038 | Pan      | Gained mutation: Your movements are slightly less
                  | encumbered by armour. (ER -2) [hidden potential]
 65189 | Pan      | Gained mutation: You are frail. (-10% HP) [a cacodemon]
 65193 | Pan      | Gained mutation: You are very frail. (-20% HP) [a
                  | cacodemon]
 65196 | Pan      | Lost mutation: You possess an exceptional clarity of mind.
                  | [a cacodemon]
 65198 | Pan      | Lost mutation: You are very frail. (-20% HP) [potion of
                  | mutation]
 65198 | Pan      | Lost mutation: Armour fits poorly on your strangely shaped
                  | body. [potion of mutation]
 65201 | Pan      | Noticed Mnoleg
 65213 | Pan      | Killed Mnoleg
 65221 | Pan      | Got a glowing rune of Zot
 65310 | Pan      | Took an exit into the Abyss.
 65310 | Abyss:3  | Escaped into the Abyss
 65310 | Abyss:3  | Found a corrupted altar of Lugonu.
 65350 | Abyss:3  | Gained mutation: You are vulnerable to heat. (rF-) [a
                  | neqoxec]
 65386 | Abyss:3  | Gained mutation: Armour fits poorly on your strangely
                  | shaped body. [a neqoxec]
 65429 | Depths:4 | Escaped the Abyss
 65589 | Zot:5    | Got the Orb of Zot
 66019 | D:4      | Noticed Tiodwav the pandemonium lord
 66030 | D:4      | Killed Tiodwav the pandemonium lord
 66056 | D:3      | Noticed Jatesali the pandemonium lord
 66087 | D:1      | Lost mutation: Your movements are slightly less encumbered
                  | by armour. (ER -2) [potion of mutation]
 66087 | D:1      | Lost mutation: You are vulnerable to heat. (rF-) [potion of
                  | mutation]
 66087 | D:1      | Gained mutation: You are strong-willed. (Will+) [potion of
                  | mutation]
 66089 | D:1      | Lost mutation: You are clumsy. (Dex -2) [potion of
                  | mutation]
 66089 | D:1      | Lost mutation: Armour fits poorly on your strangely shaped
                  | body. [potion of mutation]
 66089 | D:1      | Lost mutation: You are strong-willed. (Will+) [potion of
                  | mutation]
 66089 | D:1      | Gained mutation: Your body often deteriorates upon taking
                  | damage. [potion of mutation]
 66090 | D:1      | Lost mutation: Your body often deteriorates upon taking
                  | damage. [potion of mutation]
 66090 | D:1      | Lost mutation: You have hidden genetic potential. [potion
                  | of mutation]
 66090 | D:1      | Lost mutation: You are vulnerable to cold. (rC-) [potion of
                  | mutation]
 66090 | D:1      | Gained mutation: Your flesh is heat resistant. (rF+)
                  | [potion of mutation]
 66091 | D:1      | Lost mutation: Your body sometimes deteriorates upon taking
                  | damage. [potion of mutation]
 66091 | D:1      | Lost mutation: Your flesh is heat resistant. (rF+) [potion
                  | of mutation]
 66091 | D:1      | Lost mutation: You sometimes lose the ability to drink
                  | potions when taking damage. [potion of mutation]
 66091 | D:1      | Gained mutation: You are clumsy. (Dex -2) [potion of
                  | mutation]
 66091 | D:1      | Gained mutation: You are dopey. (Int -2) [potion of
                  | mutation]
 66091 | D:1      | Gained mutation: You have a pair of small antennae on your
                  | head. [potion of mutation]
 66091 | D:1      | Gained mutation: Your skin changes colour to match your
                  | surroundings (Stealth+). [potion of mutation]
 66092 | D:1      | Lost mutation: You are dopey. (Int -2) [potion of mutation]
 66092 | D:1      | Lost mutation: You have a pair of small antennae on your
                  | head. [potion of mutation]
 66092 | D:1      | Gained mutation: You have a pair of small antennae on your
                  | head. [potion of mutation]
 66094 | D:$      | Escaped with the Orb!

Illustrated notes

Levels and vault maps discovered:
D:1:      shiori_arrival_maze, layout_basic
D:2:      layout_basic, grunt_decor_clamped
D:3:      layout_rooms, minitemple, hangedman_decor_push
D:4:      layout_gridville, minmay_temple_entry_butterflies, minmay_crystal_room
D:5:      layout_rooms, bloody_trog, nicolae_dithmenos_shadow_blocks
D:6:      layout_basic, bh_walls_and_bars
D:7:      minmay_skewed_foursquare, layout_loops_ring, zin_treasury,
          nicolae_qazlal_eye_of_the_storm
D:8:      layout_layer_cave, nemelex_diamond_rough_becter, enter_bailey_2,
          minmay_unpleasant_kobolds
D:9:      layout_loops_ring, mainiacjoe_overflow_24_doors,
          hangedman_corner_corridor
D:10:     layout_irregular_city, hangedman_ru_absence,
          mainiacjoe_overflow_large_starburst, minmay_misc_feat_room,
          minmay_misc_feat_rugged, dreamdust_deal_with_the_devil
D:11:     layout_loops_ring, due_lair_maze_entry_diamond, serial_shops,
          nicolae_shop_waterfront, gauntlet_entry_generic, uniq_maurice
D:12:     layout_basic, zombieorc1_lemuel, gammafunk_ghost_necromancy,
          uniq_azrael, uniq_erolcha, uniq_rupert
D:13:     hangedman_screamer, layout_grid_maze, nicolae_splish_splash
D:14:     layout_roguey, hellmonk_vaults_order_and_chaos,
          corexii_leaking_fountain, st_stairs_3, minivault_16,
          grunt_ministairs_2
D:15:     grunt_enter_depths_hoard, layout_stronghold, uniq_nessos, uniq_louise
Lair:1:   layout_cave_pods, serial_bayou_pond_e, infiniplex_staircase_pool,
          uniq_joseph
Lair:2:   beast_lair_carwin_large_1, layout_long_grid,
          guppyfry_snake_entry_garden, enter_volcano_1,
          chequers_serial_rivers_micro_d, nzn_masters_of_martial_movement,
          uniq_nergalle
Lair:3:   layout_layer_cave, swamp_mist, portal_ice_cave_entry_imps,
          hibernation_bobbens, uniq_amaemon
Lair:4:   layout_hall_layers
Lair:5:   minmay_lair_end_enchanted_forest, layout_loops_ring, slime_entry_1,
          grunt_megastairs_1
Swamp:1:  layout_basic_swamp, infiniplex_staircase_pool_2, swamp_pool1,
          nicolae_swamp_some_circles
Swamp:2:  layout_basic_swamp, evilmike_swamp_ruin_house_6, swamp_pool2
Swamp:3:  layout_basic_swamp, nicolae_swamp_decorative_isthmus
Swamp:4:  swamp_basic_johnstein, layout_basic_swamp, swamp_pool1,
          hangedman_swamp_lotus, beargit_kiku_chapel
Snake:1:  minmay_snake_river, layout_chambers, serial_shops, shop, uniq_aizul
Snake:2:  layout_cave_town, minmay_shop_grove, grunt_megastairs_2
Snake:3:  layout_misc_corridors, nicolae_snake_gridmaze_zigzag,
          serial_nicolae_subway, nicolae_sub_station_stone,
          nicolae_sub_station_crystal, nicolae_sub_station_metal, uniq_nikola
Snake:4:  hellmonk_snake_rune_quicksilver_temple, layout_onion_interference
Slime:1:  layout_caves, cheibrodos_slime_lost_civilization_7
Slime:2:  layout_caves
Slime:3:  layout_caves
Slime:4:  cheibrodos_slime_lost_civilization_9, layout_caves,
          nicolae_slime_getting_an_eyeful, uniq_dissolution
Slime:5:  slime_pit_nicolae_royal_road_to_ruin
Orc:1:    layout_diamond_mine, nicolae_orc_flooded_monolith, rock_pile,
          uniq_urug
Orc:2:    st_orc_mages, layout_caves, serial_shops,
          nicolae_shop_overgrown_old_shop, guppyfry_library_mini
Elf:1:    elf_arrival_002, layout_gridlike, serial_shops, shop,
          minmay_elf_sorcery
Elf:2:    nicolae_elf_blades_crystal_corner, layout_geoelf_octagon,
          serial_shops, nicolae_square_shop, shop, basic_altar,
          mu_enter_wizlab_7, nicolae_elf_stone_circles, hex_intersection,
          roderic_roman_lattice, nicolae_stop_n_shop_1
Elf:3:    grunt_elf_hall_asides, layout_rooms, drop_trap
Vaults:1: portal_desolation_entry_holy_temple, v_rooms_5, v_misc_3,
          hangedman_vaults_cutoff, v_rooms_5, nicolae_vaults_ring_of_whatevers,
          nicolae_vaults_gold_heap, nicolae_vaults_little_squares_2, v_misc_28,
          nicolae_vaults_mini_display_case, vaults_dpeg_hooks,
          layout_vaults_chaotic_city
Vaults:2: v_misc_9, grunt_vaults_bifocal, vaults_standard_mumra_lines,
          nicolae_vaults_diamond_2, nicolae_vaults_three_branches,
          vaults_room_hallway, nicolae_vaults_diamond_2, layout_vaults_omnigrid,
          serial_shops, shop, uniq_mara
Vaults:3: vaults_dpeg_diagonal, vaults_dpeg_spiral, v_misc_4,
          minmay_crypt_entry_vampire_xt, nicolae_vaults_offset_grid_hallway_4,
          dpeg_vaults_monster_row, ontoclasm_vaults_pinch,
          nicolae_vaults_house_3, ontoclasm_vaults_claustrophobia,
          vaults_room_door_ring, nicolae_vaults_surprise_closet,
          nicolae_vaults_house_1, layout_vaults_ring, serial_shops, shop, shop,
          uniq_margery, uniq_saint_roka
Vaults:4: ontoclasm_vaults_ring_large, ontoclasm_vaults_shuriken,
          grunt_vaults_twisty, ontoclasm_vaults_decontamination,
          nicolae_vaults_windows_and_doors_thing, st_more_cells,
          nicolae_vaults_mitosis, nicolae_vaults_storage_closets_3,
          vaults_room_fours, grunt_vaults_hallway_short,
          nicolae_vaults_closet_pinwheel_4, layout_vaults_omnibox, serial_shops,
          nicolae_shop_bloodbath_and_beyond
Vaults:5
Crypt:1:  layout_gridlike, grunt_crypt_arrival_guarded_gate, grunt_megastairs_4,
          uniq_grunn
Crypt:2:  layout_gridlike
Crypt:3:  david_glass_crypt, layout_misc_corridors
Depths:1: layout_basic, nicolae_hepliaklqana_hippocampus, grunt_hell_horde,
          minmay_misc_feat_secret_circle, kennysheep_generic_room_15,
          firewood_loft
Depths:2: minmay_the_grid_four_pointed_star
          [minmay_the_grid_triangle_9x9_negative_grid,
          minmay_the_grid_triangle_9x9_minimal,
          minmay_the_grid_triangle_9x9_from_above,
          minmay_the_grid_triangle_9x9_windchime,
          minmay_the_grid_prize_four_corners_diamond_b], layout_gridlike,
          small_statue_intersection, grunt_pan_entry_spiral,
          pf_hell_entry_tar_spiral, nrook_mini_backslash, minmay_shop_star,
          uniq_vv
Depths:3: grunt_bent_corner, layout_honeycomb, enter_ziggurat_f,
          nicolae_abyss_entry_one_way_or_another, serial_shops, bzr_entry_safe,
          hell_entry, nicolae_gozag_cash_rules_everything_around_me,
          uniq_enchantress, uniq_mennas
Depths:4: grunt_twist_and_shout, layout_gridville, grunt_hell_entry_dis_mu,
          serial_sigils_hangedman_scar, pan_entry, abyss_entry
Hell
Zot:1:    layout_gridlike, amethyst_zot_foddershock
Zot:2:    layout_concentric_octagons, grunt_megastairs_5, uniq_tiamat
Zot:3:    layout_gridlike, grunt_ministairs_7, nrook_zot_tub
Zot:4:    layout_twisted_circle
Zot:5:    layout_misc_corridors

Skill      XL: |  1  2  3  4  5  6  7  8  9 10 11 12 13 14 15 16 17 18 19 20 21 22 23 24 25 26 27 |
---------------+----------------------------------------------------------------------------------+-----
Fighting       | 1 2 3 4 5 7 8 9 11 12 13 14 15 16 17 18 19 20 21 25 | 25.0
Dodging        | 2 3 6 8 |  8.2
Unarmed Combat | 4 5 6 7 8 10 11 13 14 15 16 17 18 19 20 21 22 23 24 27 | 27.0
Shapeshifting  | 4 5 6 7 8 10 11 12 13 14 15 16 17 | 17.3
Armour         | 5 8 10 12 13 14 15 | 15.5
Throwing       | 4 6 8 9 11 12 13 14 16 17 19 20 | 20.0
Shields        | 2 5 7 9 10 11 12 14 | 14.3

Action                     |  1- 3 |  4- 6 |  7- 9 | 10-12 | 13-15 | 16-18 | 19-21 | 22-24 | 25-27 || total
---------------------------+-------+-------+-------+-------+-------+-------+-------+-------+-------++-------
  Melee: Unarmed           |    93 |    91 |   255 |   459 |  1057 |  1590 |  1447 |  1446 |  1678 ||  8116
         Punch             |     2 |       |     7 |     3 |    55 |    57 |       |       |       ||   124
         Constrict         |       |       |       |   121 |   119 |       |       |       |       ||   240
  Throw: Dart              |       |       |     4 |       |       |       |       |       |       ||     4
         Large rock        |       |       |       |       |       |     7 |     3 |     8 |    24 ||    42
         Javelin           |       |       |       |       |       |       |       |     1 |    15 ||    16
 Invoke: Serpent's Lash    |       |       |       |    12 |    22 |    24 |    12 |    15 |    22 ||   107
         Heavenly Storm    |       |       |       |       |       |       |       |     1 |       ||     1
Ability: Lunge             |       |     7 |    39 |    81 |   130 |   145 |   155 |   141 |   213 ||   911
         Whirlwind         |       |       |    10 |    61 |   133 |   309 |   255 |   372 |   404 ||  1544
         Begin Untransform |       |       |       |       |     1 |       |     1 |     2 |       ||     4
  Evoke: Wand              |       |       |       |       |    10 |       |       |       |     3 ||    13
    Use: Scroll            |       |       |       |    12 |    10 |    10 |     9 |    10 |    22 ||    73
         Potion            |       |       |       |     2 |     2 |     5 |       |     9 |    16 ||    34
   Stab: Sleeping          |     1 |     5 |       |     6 |     1 |       |       |       |     1 ||    14
         Distracted        |       |       |     1 |       |     1 |       |       |     1 |     2 ||     5
         Paralysed         |       |       |       |       |       |       |       |       |     1 ||     1
 Armour: Animal skin       |    22 |    26 |    41 |     3 |       |       |       |       |       ||    92
         Skin              |       |       |       |    96 |   183 |       |   266 |   380 |   511 ||  1436
         Gold dragon scale |       |       |       |       |   422 |   843 |   303 |   142 |       ||  1710
  Dodge: Dodged            |    47 |    60 |   101 |   152 |   367 |   284 |   333 |   492 |   564 ||  2400
  Block: Kite shield       |       |       |       |       |       |   234 |       |       |       ||   234
         Tower shield      |       |       |       |       |       |   132 |  1239 |  1383 |  1475 ||  4229
   Form: Anaconda          |       |       |       |     1 |       |       |       |       |       ||     1
         Statue            |       |       |       |       |       |       |     2 |     2 |       ||     4

Table legend: (Time is in decaauts)
 A = Elapsed time spent in this place.
 B = Non-inter-level travel time spent in this place.
 C = Inter-level travel time spent in this place.
 D = Time resting spent in this place.
 E = Time spent auto-exploring this place.
 F = Levels seen in this place.
 G = Mean time per level.
                   A        B        C        D        E       F      G
               +--------+--------+--------+--------+--------+-----+--------+
         Total |  77717 |  66564 |  11153 |   5195 |  40893 |  71 | 1094.6 |
       Dungeon |  15958 |  12529 |   3429 |    312 |   8883 |  15 | 1063.9 |
          Lair |   6084 |   5020 |   1064 |    273 |   3688 |   5 | 1216.8 |
         Swamp |   3459 |   3265 |    194 |    231 |   2073 |   4 |  864.8 |
     Snake Pit |   5292 |   4658 |    634 |    277 |   3202 |   4 | 1323.0 |
    Slime Pits |   2031 |   1542 |    489 |    394 |    259 |   5 |  406.2 |
  Orcish Mines |   2164 |   1634 |    530 |    255 |    895 |   2 | 1082.0 |
   Elven Halls |   4935 |   4510 |    425 |    206 |   2796 |   3 | 1645.0 |
        Vaults |  10202 |   8784 |   1418 |    981 |   5218 |   5 | 2040.4 |
         Crypt |   3921 |   3638 |    283 |    107 |   2550 |   3 | 1307.0 |
        Depths |   8595 |   7240 |   1355 |    911 |   4356 |   4 | 2148.8 |
          Hell |    986 |    956 |     30 |      6 |    588 |   1 |  986.0 |
           Zot |   8054 |   6756 |   1298 |    632 |   4217 |   5 | 1610.8 |
         Abyss |    420 |    420 |      0 |      0 |      0 |   3 |  140.0 |
   Pandemonium |   2135 |   2135 |      0 |    154 |    893 |   5 |  427.0 |
        Bazaar |    118 |    118 |      0 |      0 |     57 |   1 |  118.0 |
        Bailey |    137 |    137 |      0 |      7 |     47 |   1 |  137.0 |
      Ice Cave |    178 |    178 |      0 |      0 |     83 |   1 |  178.0 |
       Volcano |    486 |    486 |      0 |      8 |    312 |   1 |  486.0 |
        Wizlab |    738 |    738 |      0 |     11 |    400 |   1 |  738.0 |
    Desolation |   1521 |   1521 |      0 |    426 |    184 |   1 | 1521.0 |
      Gauntlet |    293 |    293 |      0 |      0 |    190 |   1 |  293.0 |
               +--------+--------+--------+--------+--------+-----+--------+

Top non-repeatable levels by time:
Depths:3: 3021 daAuts
Vaults:1: 2443 daAuts
   Zot:5: 2390 daAuts
Vaults:4: 2218 daAuts
Vaults:5: 2163 daAuts
Depths:2: 2144 daAuts
   Elf:2: 2090 daAuts
Depths:1: 1901 daAuts
    D:13: 1836 daAuts
Vaults:3: 1832 daAuts
 Snake:1: 1679 daAuts
   Zot:2: 1670 daAuts
    D:12: 1668 daAuts
   Zot:4: 1650 daAuts
     D:8: 1642 daAuts
